 Dungeon Crawl Stone Soup version 0.27-a0-291-gd9602db6ee (webtiles) character file.

Game seed: 4488264826187423082

699784 Nattfarinn the Petrodigitator (level 27, -9/288 HPs)
             Began as a Gargoyle Earth Elementalist on Feb 7, 2021.
             Was the Champion of Vehumet.
             Mangled by an ettin simulacrum (28 damage)
             ... summoned by a mummy priest
             ... on level 3 of the Tomb of the Ancients on Feb 9, 2021.
             The game lasted 07:42:03 (127382 turns).

Nattfarinn the Petrodigitator (GrEE)              Turns: 127382, Time: 07:42:04

Health: -9/288     AC: 33    Str: 12    XL:     27
Magic:  28/49      EV:  2    Int: 26    God:    Vehumet [******]
Gold:   7729       SH: 13    Dex: 13    Spells: 4/52 levels left

rFire    + + .     SeeInvis .   b - staff of earth
rCold    . . .     Faith    .   Y - +0 kite shield {reflect}
rNeg     + + +     Spirit   .   (armour currently unavailable)
rPois    ∞         Reflect  +   (helmet currently unavailable)
rElec    +         Harm     .   (cloak currently unavailable)
rCorr    .         Rampage  .   (gloves currently unavailable)
Will     +++++     Clarity  +   (boots currently unavailable) Stlth ++........NoTele +
                                Z - amulet of the Four Winds {rN+ Will+++ Clar}
HPRegen  0.58/turn              m - ring "Laes" {rElec rPois rF+ rN+ Will+ Str-3}
MPRegen  0.31/turn              c - ring "Hooggo" {rF+ MP+9 Dex+3}

@: tree-form, very slightly contaminated, hasted and slowed, studying 2 skills
A: negative energy resistance 1, screaming 1, petrification resistance, miasma
immunity, AC +20
}: 4/15 runes: barnacled, slimy, silver, gossamer
a: Renounce Religion


You were on level 3 of the Tomb of the Ancients.
You worshipped Vehumet.
Vehumet was exalted by your worship.
You were a tree.
You visited 12 branches of the dungeon, and saw 56 of its levels.
You also visited: Ice Cave and Wizlab.

You collected 8877 gold pieces.
You spent 1148 gold pieces at shops.

Inventory:

Armour
 a - the +0 helmet of the Great Game (melded) {rCorr Str+3 Int+4}
   (You found it on level 5 of the Vaults)

   It affects your strength (+3).
   It affects your intelligence (+4).
   It provides partial protection from all sources of acid and corrosion.
 x - a +2 cloak of poison resistance (melded)
 z - +5 ice dragon scales (melded)
 F - a +1 pair of gloves of archery (melded)
 P - a +1 pair of boots of rampaging (melded)
 Y - a +0 kite shield of reflection (worn)
Magical Staves
 b - an uncursed staff of earth (weapon)
Jewellery
 c - the ring "Hooggo" (right branch) {rF+ MP+9 Dex+3}
   (You found it in a wizard's laboratory)

   [ring of magical power]

   It affects your dexterity (+3).
   It protects you from fire.
   It affects your magic capacity (+9).
 m - the ring "Laes" (left branch) {rElec rPois rF+ rN+ Will+ Str-3}
   (You acquired it on level 11 of the Dungeon)

   [ring of willpower]

   It affects your strength (-3).
   It protects you from fire.
   It insulates you from electricity.
   It protects you from poison.
   It protects you from negative energy.
   It affects your willpower, your defense against some magical effects.
 D - a +4 ring of protection
 R - the ring of the Mage {Wiz Will++ Int+3}
   (You found it on level 3 of the Elven Halls)

   [ring of wizardry]

   It improves your spell success rate.
   It affects your intelligence (+3).
   It affects your willpower, your defense against some magical effects.
 X - an uncursed ring of magical power
 Z - the amulet of the Four Winds (around neck) {rN+ Will+++ Clar}
   (You found it on level 3 of the Elven Halls)

   [amulet of nothing]

   It protects you from negative energy.
   It affects your willpower, your defense against some magical effects.
   It protects you against confusion.
Wands
 q - a wand of acid (1)
 v - a wand of iceblast (43)
 w - a wand of charming (36)
 E - a wand of polymorph (16)
 G - a wand of paralysis (35)
 H - a wand of mindburst (81)
 S - a wand of flame (86)
 U - a wand of random effects (15)
Scrolls
 e - 31 scrolls of remove curse
 g - 11 scrolls of teleportation
 h - 5 scrolls of summoning
 l - 9 scrolls of amnesia
 n - 7 scrolls of magic mapping
 p - 4 scrolls of immolation
 s - 2 scrolls of silence
 t - a scroll of identify
 u - 4 scrolls of enchant weapon
 A - 3 scrolls of holy word
 J - 4 scrolls of fog
 K - 5 scrolls of vulnerability
 N - 9 scrolls of fear
 O - 2 scrolls of brand weapon
Potions
 d - 2 potions of invisibility
 f - 9 potions of attraction
 i - 5 potions of heal wounds
 j - a potion of haste
 k - 13 potions of curing
 o - 14 potions of mutation
 r - 7 potions of brilliance
 B - 5 potions of berserk rage
 C - 8 potions of might
 I - 3 potions of lignification
 L - a potion of ambrosia
 M - a potion of magic
 T - 5 potions of cancellation
 V - a potion of resistance
Miscellaneous
 y - a phantom mirror
 Q - a tin of tremorstones (2/2)
 W - a condenser vane


   Skills:
 * Level 24.9 Fighting
 - Level 8.9 Staves
 - Level 18.9 Armour
 - Level 10.0 Dodging
 - Level 2.1 Stealth
 - Level 15.0 Shields
 - Level 13.0 Spellcasting
 - Level 19.4 Conjurations
 - Level 0.7 Transmutations
 - Level 16.0 Fire Magic
 O Level 27 Earth Magic
 + Level 14.1 Evocations


You had 4 spell levels left.
You knew the following spells:

 Your Spells              Type           Power        Failure   Level
a - Lehudib's Crystal Sp  Conj/Erth      59%          1%          8
b - Ignition              Fire           39%          9%          8
c - Lee's Rapid Deconstr  Erth           62%          0%          5
d - Iron Shot             Conj/Erth      59%          1%          6
e - Shatter               Erth           62%          1%          9
f - Orb of Destruction    Conj           43%          1%          7
g - Borgnjor's Vile Clut  Necr/Erth      46%          1%          5

Your spell library contained the following spells:

 Spells                   Type           Power        Failure   Level
 Chain Lightning          Conj/Air       30%          67%         8
 Absolute Zero            Ice            8%           100%        9
 Foxfire                  Conj/Fire      100%         0%          1
 Magic Dart               Conj           100%         0%          1
 Sandblast                Erth           100%         0%          1
 Searing Ray              Conj           100%         0%          2
 Conjure Flame            Conj/Fire      83%          0%          3
 Stone Arrow              Conj/Erth      100%         0%          3
 Sticky Flame             Conj/Fire      83%          0%          4
 Freeze                   Ice            64%          1%          1
 Passwall                 Tmut/Erth      77%          1%          2
 Dazzling Flash           Conj/Hex       100%         1%          3
 Ignite Poison            Fire/Tmut/Pois 46%          1%          3
 Inner Flame              Hex/Fire       56%          1%          3
 Mephitic Cloud           Conj/Pois/Air  50%          1%          3
 Static Discharge         Conj/Air       61%          1%          3
 Animate Armour           Summ/Erth      100%         1%          4
 Fulminant Prism          Conj/Hex       30%          1%          4
 Hailstorm                Conj/Ice       61%          1%          4
 Iskenderun's Mystic Bla  Conj/Tloc      61%          1%          4
 Leda's Liquefaction      Hex/Erth       46%          1%          4
 Petrify                  Tmut/Erth      93%          1%          4
 Frozen Ramparts          Ice            32%          2%          3
 Animate Skeleton         Necr           32%          3%          1
 Apportation              Tloc           32%          3%          1
 Corona                   Hex            17%          3%          1
 Pain                     Necr           64%          3%          1
 Summon Small Mammal      Summ           64%          3%          1
 Blink                    Tloc           N/A          4%          2
 Call Imp                 Summ           16%          4%          2
 Corpse Rot               Necr/Air       N/A          4%          2
 Ensorcelled Hibernation  Hex/Ice        32%          4%          2
 Slow                     Hex            16%          4%          2
 Airstrike                Air            8%           9%          4
 Call Canine Familiar     Summ           16%          10%         3
 Confusing Touch          Hex            16%          10%         3
 Gell's Gravitas          Tloc           8%           10%         3
 Lesser Beckoning         Tloc           8%           10%         3
 Ozocubu's Armour         Ice            16%          10%         3
 Portal Projectile        Hex/Tloc       32%          10%         3
 Summon Guardian Golem    Hex/Summ       16%          10%         3
 Tukima's Dance           Hex            16%          10%         3
 Vampiric Draining        Necr           8%           10%         3
 Ice Form                 Ice/Tmut       18%          28%         4
 Animate Dead             Necr           8%           32%         4
 Cause Fear               Hex            8%           32%         4
 Dispel Undead            Necr           16%          32%         4
 Passage of Golubria      Tloc           N/A          32%         4
 Summon Ice Beast         Ice/Summ       16%          32%         4
 Summon Lightning Spire   Summ/Air       16%          32%         4
 Bolt of Magma            Conj/Fire/Erth 56%          0%          5
 Fireball                 Conj/Fire      41%          1%          5
 Irradiate                Conj/Tmut      31%          1%          5
 Iskenderun's Battlesphe  Conj           87%          1%          5
 Lightning Bolt           Conj/Air       30%          1%          5
 Starburst                Conj/Fire      41%          1%          6
 Conjure Ball Lightning   Conj/Air       30%          2%          6
 Freezing Cloud           Conj/Ice/Air   25%          10%         6
 Spellforged Servitor     Conj/Summ      30%          13%         7
 Yara's Violent Unravell  Hex/Tmut       9%           21%         5
 Alistair's Intoxication  Tmut/Pois      12%          63%         5
 Agony                    Necr           16%          67%         5
 Excruciating Wounds      Necr           8%           67%         5
 Metabolic Englaciation   Hex/Ice        8%           67%         5
 Silence                  Hex/Air        8%           67%         5
 Summon Forest            Summ/Tloc      8%           67%         5
 Eringya's Noxious Bog    Tmut/Pois      9%           71%         6
 Hydra Form               Tmut           10%          98%         6
 Death Channel            Necr           8%           99%         6
 Dispersal                Tloc           8%           99%         6
 Invisibility             Hex            16%          99%         6
 Simulacrum               Ice/Necr       8%           99%         6
 Ozocubu's Refrigeration  Ice            8%           99%         7
 Dragon Form              Tmut           10%          100%        7
 Malign Gateway           Summ/Tloc      8%           100%        7
 Summon Hydra             Summ           8%           100%        7
 Borgnjor's Revivificati  Necr           8%           100%        8
 Discord                  Hex            8%           100%        8
 Disjunction              Tloc           8%           100%        8
 Infestation              Necr           8%           100%        8
 Necromutation            Tmut/Necr      9%           100%        8
 Death's Door             Necr           8%           100%        9
 Dragon's Call            Summ           8%           100%        9
 Tornado                  Air            8%           100%        9
 Statue Form              Tmut/Erth      Unusable     N/A         6

Dungeon Overview and Level Annotations

Branches:
Dungeon (15/15)            Temple (1/1) D:7            Lair (6/6) D:10
 Shoals (4/4) Lair:3       Spider (4/4) Lair:2        Slime (5/5) Lair:5
    Orc (2/2) D:9             Elf (3/3) Orc:2        Vaults (5/5) D:14
  Crypt (3/3) Vaults:3       Tomb (3/3) Crypt:3      Depths (5/5) D:15
    Zot (0/5) Depths:5      IceCv (visited)          WizLab (visited)

Altars:
Ashenzari
Cheibriados
Dithmenos
Elyvilon
Fedhas
Gozag
Hepliaklqana
Kikubaaqudgha
Makhleb
Nemelex Xobeh
Okawaru
Qazlal
Ru
Sif Muna
Trog
Uskayaw
Vehumet
Wu Jian
Xom
Yredelemnul
Zin
The Shining One
Beogh
Jiyva
Lugonu

Shops:
D:4 *   D:10 (   D:11 (*   Orc:1 !   Orc:2 (**[   Elf:1 [   Elf:2 **=
Elf:3 *[!   Vaults:1 *:[   Depths:3 [*

Portals:
Hell: Depths:1 Depths:2 Depths:3 Depths:4 Depths:5
Abyss: Depths:1 Depths:2 Depths:4
Pandemonium: Depths:1 Depths:2 Depths:3 Depths:4
Ziggurat: Depths:5

Annotations:
D:7 2 transporters, exclusion: ice statue, Glokmah's ghost, novice DsWz
D:9 2 runed translucent doors, exclusion: orange crystal statue
Lair:1 1 runed translucent door
Crypt:1 3 runed translucent doors, Onnun's ghost, veteran GrFi
Depths:1 6 runed translucent doors


Innate Abilities, Weirdness & Mutations

You are resistant to torment.
((Your stone body is resilient. (AC +20)))
You are immune to poison.
((Your large and strong wings let you fly indefinitely.))
You resist negative energy. (rN+)
((You are resistant to electric shocks. (rElec)))
((You can survive without breathing.))
You are immune to petrification.
You are immune to miasma.
((You are partially covered in slimy green scales. (AC +2)))
((You can translocate small distances at will.))
You occasionally shout uncontrollably at your foes.
((You are covered in fur. (AC +1)))


Message History

Something bites your guardian mummy!
Your guardian mummy hits the flying skull!
You block the flying skull's attack.
The chaos spawn gores your mummy priest!
The chaos spawn freezes your mummy priest.
Your mummy priest resists.
The wight completely misses you.
The wight hits your catoblepas zombie with a +2 antimagic war axe.
The ushabti shakes and rattles deafeningly!
Something hits your mummy priest!
Something drains your mummy priest's vigour!
Your mummy priest seems to slow down.
The ettin simulacrum hits you!
* * * LOW HITPOINT WARNING * * *
The ettin simulacrum freezes you!!
* * * LOW HITPOINT WARNING * * *
The ettin simulacrum hits you.
* * * LOW HITPOINT WARNING * * *
The ettin simulacrum freezes you!!
You die...

**,,,,,,,,,<**.........,#
*$$$.........##........##
*$$$$$........##.....M##§
*$!$$$$$$.....##....M..#.
*$$$)$$$.......#....$....
*$$$$$$$$$.....".^.......
*.$$:$§§§§$..........M.^.
#.$$$§MZM$8.....).....[.
*#$!MZ♣ZM.............. #
#.)MzzzB?M......^($..^
#.#..§4BBMMM...^......#.
#....ZM$M)$..........##
###...[$M$..........##*
##...#.........#.##
#.##..#########.# ▓▓ ▓▓▓▓
▓▓▓


You could see 5 royal mummies, a guardian mummy, an ushabti (catching breath), a
chaos spawn (summoned), 3 death scarabs, a flying skull (summoned), 2 wights, an
ettin simulacrum (summoned), a friendly mummy priest (summoned, slow), a
friendly guardian mummy (summoned), a friendly mummy (summoned), a friendly
catoblepas zombie (summoned) and a friendly stone giant skeleton (summoned,
wandering).

Vanquished Creatures
  the Royal Jelly (Slime:5)
  4 dread liches
  Khufu (Crypt:3)
  4 ancient liches
  Mara (Crypt:2)
  Mennas (Tomb:1)
  A juggernaut (Depths:3)
  27 royal mummies
  Margery (Crypt:3)
  Saint Roka (Orc:1)
  Frederick (Crypt:1)
  Xtahua (Crypt:1)
  3 caustic shrikes
  2 curse toes (Crypt:3)
  Nikola (Vaults:1)
  4 golden dragons
  Jory (Depths:4)
  A mutant beast (WizLab)
  A shard shrike zombie (Crypt:3)
  12 liches
  2 tentacled monstrosities (Vaults:5)
  Rupert (D:13)
  24 acid blobs
  3 deep elf blademasters
  2 deep elf master archers (Elf:3)
  5 titans (Vaults:5)
  Frances (D:14)
  Kirke (Elf:1)
  A kraken (Shoals:2)
  5 sphinxes
  5 shadow dragons (Vaults:5)
  6 ancient champions
  Agnes (Spider:3)
  Donald (D:14)
  5 storm dragons
  21 azure jellies
  3 tengu reavers
  5 revenants
  Ilsuiw (Shoals:4)
  8 fire giants
  4 daevas
  7 frost giants
  2 ghost moths
  4 deep elf sorcerers
  An iron dragon (Vaults:5)
  14 vault wardens
  8 deep elf elementalists
  4 emperor scorpions
  Aizul (Depths:2)
  15 ironheart preservers
  A reaper (Crypt:3)
  12 ghouls
  A draconian stormcaller (Depths:5)
  A war gargoyle (Vaults:5)
  23 very ugly things
  20 stone giants
  4 bennus (Tomb:2)
  2 green draconians (Depths:5)
  A lorocyproca (Depths:1)
  4 black draconians
  13 deep elf demonologists
  Nessos (D:14)
  10 deep elf annihilators
  5 entropy weavers
  Azrael (Orc:2)
  2 yellow draconians (Depths:5)
  8 vampire knights
  7 spark wasps
  2 purple draconians (Depths:5)
  13 ettins
  3 eidola
  10 deep elf death magi
  Snorg (D:14)
  13 yaktaur captains
  6 merfolk impalers
  14 mummy priests
  15 jiangshi
  9 death oozes (Slime:5)
  Josephine (Orc:1)
  7 merfolk javelineers
  11 great orbs of eyes
  11 fire dragons
  A great orb of eyes (shapeshifter) (WizLab)
  7 deep elf high priests
  8 hydras
  9 boulder beetles
  33 vault guards
  A quicksilver dragon skeleton (Crypt:2)
  5 rakshasas
  7 ice dragons
  Erolcha (D:11)
  14 ogre magi
  A hell beast (Depths:2)
  4 spriggan air magi
  A hydra (shapeshifter) (Depths:3)
  2 monstrous demonspawn
  3 merfolk avatars
  A catoblepas (Lair:3)
  12 centaur warriors
  9 merfolk aquamancers
  An alligator snapping turtle (Shoals:1)
  2 satyrs (Shoals:4)
  45 two-headed ogres
  2 death yaks (Lair:4)
  10 deep troll earth magi
  38 death scarabs
  5 tengu warriors
  16 deep troll shamans
  A queen ant (shapeshifter) (Depths:4)
  5 death knights
  Urug (D:14)
  30 dancing weapons
  2 spriggans (Depths:5)
  3 orc high priests (Orc:2)
  19 deep elf knights
  11 vampire magi
  6 hell knights (Crypt:3)
  A storm dragon zombie (Crypt:1)
  An iron golem (WizLab)
  5 spriggan berserkers
  2 soul eaters
  A fire crab (shapeshifter) (WizLab)
  36 skeletal warriors
  2 salamander mystics
  3 shadow wraiths
  7 iron trolls
  12 sea snakes
  A bog body (Crypt:2)
  35 deep trolls
  2 spectral wolf spiders (Spider:4)
  3 flayed ghosts
  4 unseen horrors
  2 deep trolls (shapeshifter)
  7 wizards
  11 phantasmal warriors
  9 deep elf archers
  5 glowing orange brains
  14 ironbrand convokers
  A lindwurm (shapeshifter) (WizLab)
  3 necromancers
  3 wolf spider zombies
  14 orc knights
  22 harpies
  A shadow dragon zombie (Vaults:3)
  23 wolf spiders
  3 anaconda skeletons
  27 deep elf zephyrmancers
  22 fauns
  8 orb spiders
  37 deep elf pyromancers
  5 shining eyes
  11 salamanders
  2 wolf spiders (shapeshifter)
  A manticore (shapeshifter) (WizLab)
  A cyclops (shapeshifter) (WizLab)
  12 moths of wrath
  15 manticores
  A sphinx skeleton (Vaults:3)
  56 ugly things
  6 orc sorcerers
  A fire giant zombie (Tomb:1)
  7 cyclopes
  A frost giant skeleton (Crypt:2)
  12 elephants
  2 moths of wrath (shapeshifter)
  Maurice (D:11)
  23 vault sentinels
  7 black mambas
  A shock serpent zombie (Crypt:1)
  A rust devil (Depths:2)
  3 smoke demons
  2 guardian serpents (shapeshifter) (WizLab)
  10 merfolk sirens
  An orange demon (Depths:1)
  15 cane toads
  6 water nymphs
  2 eyes of devastation (Slime:5)
  An ice statue (IceCv)
  An eye of devastation (shapeshifter) (WizLab)
  A hellion (Depths:3)
  A torpor snail (shapeshifter) (D:13)
  4 gargoyles
  11 komodo dragons
  6 freezing wraiths
  6 centaur skeletons
  2 elves (WizLab)
  2 komodo dragons (shapeshifter)
  5 spectral redbacks (Spider:4)
  2 tengu conjurers
  39 yaktaurs
  8 rime drakes
  8 demonic crawlers
  An anaconda simulacrum (Tomb:1)
  48 guardian mummies
  A silent spectre (Vaults:3)
  An ice devil (Depths:1)
  5 red devils
  A purple draconian skeleton (Crypt:1)
  2 jumping spiders (shapeshifter)
  6 hellwings
  A queen bee (shapeshifter) (WizLab)
  30 jumping spiders
  37 merfolk
  20 polar bears
  5 trolls
  8 wind drakes
  17 hornets
  136 slime creatures
  3 spectral jumping spiders (Spider:4)
  2 spectral tarantellas
  Grinder (D:6)
  4 raiju (shapeshifter) (WizLab)
  A hydra skeleton (Tomb:3)
  2 tarantella zombies
  13 blink frogs
  A meliai zombie (D:15)
  A fire dragon zombie (Tomb:2)
  2 dream sheep (Shoals:3)
  8 snapping turtles
  A frost giant simulacrum (Crypt:2)
  A black mamba zombie (Crypt:2)
  28 water elementals
  A spriggan (shapeshifter) (Vaults:2)
  25 flying skulls
  An ettin skeleton (Crypt:2)
  54 redbacks
  A tarantella (shapeshifter) (Vaults:4)
  22 ushabtiu
  2 air elementals (Elf:1)
  2 shadows
  A wyvern (shapeshifter) (Depths:4)
  40 tarantellas
  A centaur simulacrum (D:14)
  8 wyverns
  15 wraiths
  A ynoxinul (Depths:1)
  20 humans
  42 yaks
  4 basilisks
  A golden eye (shapeshifter) (WizLab)
  6 fire elementals
  5 vampire mosquitoes (D:15)
  7 chaos spawn (Depths:2)
  3 hogs (Elf:1)
  5 steam dragons (Shoals:4)
  A warg (shapeshifter) (WizLab)
  Menkaure (D:5)
  11 wargs
  A gelid demonspawn zombie (Crypt:3)
  2 soldier ants
  A soldier ant (shapeshifter) (WizLab)
  A naga (shapeshifter) (WizLab)
  6 hell hounds
  Duvessa (D:6)
  14 water moccasins
  A two-headed ogre skeleton (Crypt:2)
  2 floating eyes (shapeshifter)
  2 hornet zombies (Spider:4)
  4 floating eyes (WizLab)
  3 spectral hornets (Spider:4)
  3 ice beasts
  A deep troll skeleton (Vaults:3)
  2 sky beasts
  An eye of draining (shapeshifter) (Depths:3)
  9 large abominations
  A lindwurm zombie (Crypt:1)
  30 orc warriors
  3 black bears
  7 eyes of draining
  38 ogres
  6 necrophages
  15 centaurs
  A snapping turtle zombie (Tomb:2)
  32 wolves
  A blink frog zombie (Crypt:1)
  A boggart (Vaults:3)
  An elephant skeleton (Crypt:3)
  A phantom (D:9)
  A rime drake skeleton (Crypt:2)
  Blork the orc (D:6)
  19 bullfrogs
  An earth elemental (Elf:3)
  A gnoll sergeant (D:12)
  Dowan (D:6)
  A wyvern skeleton (D:14)
  7 scorpions
  A human simulacrum (Vaults:2)
  4 troll zombies
  3 killer bees (D:8)
  11 wights
  3 howler monkeys
  2 electric eels
  4 centaur zombies
  7 crimson imps
  2 bullfrog zombies
  13 small abominations
  2 bullfrog skeletons
  3 jellies
  20 orc priests
  5 hounds
  A quasit (D:10)
  2 iron imps (Depths:2)
  A jelly (shapeshifter) (WizLab)
  A basilisk zombie (Crypt:2)
  2 iguanas
  A black bear skeleton (Crypt:2)
  22 orc wizards
  7 worker ants
  A demigod zombie (Crypt:2)
  2 naga skeletons
  3 ogre zombies (D:9)
  A hound zombie (D:11)
  A hound skeleton (Crypt:2)
  50 mummies
  A howler monkey zombie (D:6)
  A worker ant zombie (D:11)
  7 gnolls
  A steam dragon zombie (Crypt:2)
  14 adders
  7 shadow imps
  13 white imps
  3 ufetubi
  2 oozes (shapeshifter) (WizLab)
  An adder zombie (D:7)
  2 worms
  A dart slug (D:4)
  A leopard gecko (shapeshifter) (Elf:3)
  10 leopard geckos
  82 orcs
  3 ball pythons
  4 bats
  A bat skeleton (Crypt:3)
  3 giant cockroaches
  5 goblins
  10 hobgoblins
  6 jackals
  4 quokkas
  A quokka (shapeshifter) (WizLab)
  A bat (shapeshifter) (WizLab)
  3 frilled lizards
  A frilled lizard zombie (Crypt:3)
  A gnoll skeleton (Crypt:1)
  2 goblin zombies (D:9)
  3 hobgoblin skeletons (D:9)
  2 hobgoblin zombies (D:9)
  A jackal zombie (D:5)
  8 kobolds
  2 orc skeletons (D:9)
  10 orc zombies (D:9)
  2 quokka skeletons
  A quokka zombie (D:7)
  6 rats
  16 plants
2714 creatures vanquished.

Vanquished Creatures (collateral kills)
  A death scarab (Tomb:2)
  An orb spider (Spider:3)
  A redback (Spider:3)
3 creatures vanquished.

Vanquished Creatures (others)
  2 ogre magi
  A human (Elf:1)
  38 fungi
  160 plants
  4 tentacles (Shoals:2)
  8 toadstools (Lair:1)
213 creatures vanquished.

Grand Total: 2930 creatures vanquished

Notes
Turn   | Place    | Note
-------+----------+-------------------------------------------
     0 | D:1      | Nattfarinn the Gargoyle Earth Elementalist began the quest
                  | for the Orb.
     0 | D:1      | Reached XP level 1. HP: 10/10 MP: 3/3
     6 | D:1      | Noticed a redback
     7 | D:1      | Noticed a hound
     7 | D:1      | Noticed a water moccasin
   103 | D:1      | Reached skill level 4 in Earth Magic
   111 | D:1      | Reached XP level 2. HP: 15/15 MP: 0/5
  1132 | D:1      | Reached XP level 3. HP: 19/19 MP: 3/6
  1657 | D:2      | Reached skill level 5 in Earth Magic
  1689 | D:2      | Reached XP level 4. HP: 6/24 MP: 0/8
  2559 | D:3      | Noticed a black bear
  2609 | D:2      | Learned a level 3 spell: Stone Arrow
  2825 | D:3      | Reached XP level 5. HP: 21/28 MP: 6/9
  2913 | D:3      | Reached skill level 1 in Conjurations
  2939 | D:3      | Reached skill level 6 in Earth Magic
  3254 | D:3      | Killed a black bear
  3255 | D:3      | Reached XP level 6. HP: 32/32 MP: 5/11
  3895 | D:4      | Reached skill level 7 in Earth Magic
  4006 | D:4      | Found Bitenem's General Store.
  4009 | D:4      | Bought a scroll of teleportation for 36 gold pieces
  4009 | D:4      | Bought a scroll of identify for 24 gold pieces
  4009 | D:4      | Bought a scroll of identify for 24 gold pieces
  4009 | D:4      | Bought 24 stones for 28 gold pieces
  4009 | D:4      | Bought a scroll of magic mapping for 42 gold pieces
  4200 | D:4      | Reached XP level 7. HP: 36/36 MP: 7/12
  4912 | D:4      | Found a shimmering altar of Xom.
  4915 | D:4      | Found a shimmering altar of Xom.
  4915 | D:4      | Found a shimmering altar of Xom.
  5137 | D:5      | Entered Level 5 of the Dungeon
  5159 | D:5      | Reached skill level 8 in Earth Magic
  5678 | D:5      | Noticed Menkaure
  5681 | D:5      | Killed Menkaure
  5682 | D:5      | Reached XP level 8. HP: 41/41 MP: 11/14
  5747 | D:5      | Found a transporter.
  5761 | D:5      | Found a transporter.
  6238 | D:6      | Reached skill level 9 in Earth Magic
  6473 | D:6      | Reached skill level 5 in Spellcasting
  6558 | D:6      | Found a glowing silver altar of Zin.
  6720 | D:6      | Noticed Grinder
  6726 | D:6      | Killed Grinder
  6727 | D:6      | Reached skill level 5 in Conjurations
  6757 | D:6      | Reached skill level 10 in Earth Magic
  6928 | D:6      | Noticed Blork the orc
  6931 | D:6      | Killed Blork the orc
  6932 | D:6      | Reached XP level 9. HP: 45/45 MP: 7/17
  7139 | D:6      | Noticed Duvessa
  7139 | D:6      | Noticed Dowan
  7144 | D:6      | Killed Duvessa
  7146 | D:6      | Killed Dowan
  7396 | D:7      | Noticed Glokmah's ghost (novice DsWz)
  7399 | D:7      | Found a transporter.
  7406 | D:7      | Learned a level 5 spell: Lee's Rapid Deconstruction
  7464 | D:7      | Found a transporter.
  7470 | D:7      | Noticed an ice statue
  7634 | D:7      | Found a staircase to the Ecumenical Temple.
  7642 | Temple   | Entered the Ecumenical Temple
  7696 | Temple   | Became a worshipper of Vehumet
  7752 | D:7      | Found a hazy altar of Hepliaklqana.
  8176 | D:8      | Reached skill level 11 in Earth Magic
  9000 | D:8      | Reached skill level 12 in Earth Magic
  9285 | D:9      | Found a staircase to the Orcish Mines.
  9298 | D:9      | Reached XP level 10. HP: 43/50 MP: 11/20
  9384 | D:9      | Reached * piety under Vehumet
  9384 | D:9      | Offered knowledge of Shock by Vehumet.
  9660 | D:9      | Found an opulent altar of Gozag.
  9847 | D:9      | Found a runed translucent door.
  9865 | D:9      | Noticed an orange crystal statue
  9866 | D:9      | Found the +10 tower shield of Ignorance {rN+ Int-4}
  9932 | D:9      | Found a runed translucent door.
 10405 | D:10     | Entered Level 10 of the Dungeon
 10587 | D:10     | Reached ** piety under Vehumet
 10588 | D:10     | Reached skill level 13 in Earth Magic
 10626 | D:10     | Offered knowledge of Searing Ray by Vehumet.
 10802 | D:10     | Found a staircase to the Lair.
 11058 | D:10     | Reached skill level 1 in Armour
 11195 | D:10     | Reached skill level 1 in Fighting
 11287 | D:10     | Found Paeddobb's Hydra Hut.
 11292 | D:10     | Noticed an eight-headed hydra
 11767 | D:11     | Noticed Maurice
 11768 | D:11     | Noticed Erolcha
 11772 | D:11     | Killed Maurice
 11776 | D:11     | Killed Erolcha
 11777 | D:11     | Reached skill level 5 in Armour
 11777 | D:11     | Reached XP level 11. HP: 31/61 MP: 8/22
 11957 | D:11     | Found Wimpexurgh's Hallowed Reliquary.
 11958 | D:11     | Found a white marble altar of Elyvilon.
 11959 | D:11     | Noticed an angel
 11964 | D:11     | Bought a potion of curing for 48 gold pieces
 11964 | D:11     | Bought a potion of heal wounds for 80 gold pieces
 12054 | D:11     | Found Vusuger's Antique Weapon Shop.
 12184 | D:11     | Identified a scroll of acquirement
 12185 | D:11     | Acquired the ring "Laes" {rElec rPois rF+ rN+ Will+ Str-3}
 13186 | D:11     | Reached skill level 5 in Fighting
 13346 | D:12     | Noticed a green ugly thing
 13356 | D:12     | Killed a green ugly thing
 13356 | D:12     | Offered knowledge of Conjure Flame by Vehumet.
 13609 | D:12     | Noticed a white ugly thing
 13611 | D:12     | Noticed a white ugly thing
 13623 | D:12     | Killed a white ugly thing
 13632 | D:12     | Reached *** piety under Vehumet
 13845 | D:12     | Noticed a boulder beetle
 13857 | D:12     | Killed a boulder beetle
 14120 | D:12     | Killed a white ugly thing
 14368 | D:12     | Identified the Reference Book on Dislocation
 14376 | D:12     | Noticed a boulder beetle
 14390 | D:12     | Killed a boulder beetle
 14840 | Orc:1    | Entered Level 1 of the Orcish Mines
 15062 | Orc:1    | Offered knowledge of Inner Flame by Vehumet.
 15063 | Orc:1    | Reached skill level 10 in Armour
 15077 | Orc:1    | Reached XP level 12. HP: 36/72 MP: 19/23
 15674 | Orc:1    | Found Benossoh's Distillery.
 15838 | Orc:2    | Entered Level 2 of the Orcish Mines
 15959 | Orc:2    | Noticed Josephine
 15977 | Orc:1    | Killed Josephine
 16226 | Orc:2    | Found a roughly hewn altar of Beogh.
 16335 | Orc:2    | Noticed Saint Roka
 17759 | Orc:2    | Reached **** piety under Vehumet
 18088 | Orc:2    | Offered knowledge of Fireball by Vehumet.
 18269 | Orc:2    | Noticed an orc high priest
 18273 | Orc:2    | Killed an orc high priest
 18451 | Orc:2    | Noticed an orc high priest
 18459 | Orc:2    | Killed an orc high priest
 18833 | Orc:2    | Noticed an orc high priest
 19593 | Orc:2    | Killed an orc high priest
 19662 | Orc:2    | Found Wehuded's Assorted Antiques.
 19662 | Orc:2    | Found Orpheet's Armour Boutique.
 19664 | Orc:2    | Found Miluofuf's General Store.
 19664 | Orc:2    | Found Gegatroi's Antique Weapon Shoppe.
 19677 | Orc:2    | Bought a brightly glowing great sword for 287 gold pieces
 19679 | Orc:2    | Bought a leatherbound book for 465 gold pieces
 19679 | Orc:2    | Bought a scroll of identify for 62 gold pieces
 19679 | Orc:2    | Identified the cursed +0 great sword "Bute" {drain, +Blink
                  | rC- Stlth+} (You bought it in a shop on level 2 of the
                  | Orcish Mines)
 19718 | Orc:2    | Noticed Azrael
 19882 | Orc:2    | Killed Azrael
 19883 | Orc:2    | Reached XP level 13. HP: 41/81 MP: 3/24
 20332 | Orc:2    | Found a staircase to the Elven Halls.
 20535 | Orc:1    | Killed Saint Roka
 20536 | Orc:1    | Reached skill level 10 in Fighting
 20757 | Lair:1   | Entered Level 1 of the Lair of Beasts
 21719 | Lair:1   | Found a runed translucent door.
 22920 | Lair:2   | Found a sacrificial altar of Ru.
 23458 | Lair:2   | Reached skill level 15 in Armour
 23913 | Lair:2   | Noticed a fire dragon
 23938 | Lair:2   | Killed a fire dragon
 24289 | Lair:2   | Found a hole to the Spider Nest.
 25531 | Lair:3   | Gained mutation: Your large and strong wings let you fly
                  | indefinitely. [Gargoyle growth]
 25531 | Lair:3   | Reached XP level 14. HP: 42/90 MP: 25/25
 25959 | Lair:3   | Reached ***** piety under Vehumet
 26264 | Lair:3   | Offered knowledge of Bolt of Magma by Vehumet.
 26298 | Lair:3   | Found a staircase to the Shoals.
 26306 | Lair:3   | Reached skill level 10 in Conjurations
 28327 | Lair:5   | Found a runed translucent door.
 28327 | Lair:5   | Found a viscous altar of Jiyva.
 28327 | Lair:5   | Noticed an acid blob
 28378 | Lair:5   | Found a staircase to the Slime Pits.
 28660 | Lair:6   | Entered Level 6 of the Lair of Beasts
 29557 | Lair:6   | Learned a level 6 spell: Iron Shot
 29711 | Lair:6   | Offered knowledge of Yara's Violent Unravelling by Vehumet.
 30411 | Lair:6   | Reached skill level 14 in Earth Magic
 30783 | Lair:6   | Got a dazzling buckler
 30899 | Lair:6   | Identified the cursed +0 buckler of the Poles {rF- rN+
                  | Str+2 Dex+3} (You found it on level 6 of the Lair of
                  | Beasts)
 31020 | Lair:6   | Reached XP level 15. HP: 95/95 MP: 12/26
 31408 | D:13     | Reached skill level 1 in Shields
 31576 | D:13     | Found a frozen archway.
 31613 | IceCv    | Entered an ice cave
 32076 | IceCv    | Noticed a frost giant
 32084 | IceCv    | Killed a frost giant
 32085 | IceCv    | Reached skill level 15 in Earth Magic
 32700 | IceCv    | Found the +8 frozen axe "Frostbite" {freezing cloud, *Noise
                  | +Fly rC+}
 34026 | D:13     | Noticed Rupert
 34027 | D:13     | Paralysed by Rupert for 2 turns
 34056 | D:13     | Killed Rupert
 34471 | D:13     | Reached skill level 16 in Earth Magic
 35752 | D:14     | Noticed Nessos
 35767 | D:14     | Killed Nessos
 35768 | D:14     | Reached skill level 17 in Earth Magic
 35894 | D:14     | Noticed Snorg
 35903 | D:14     | Killed Snorg
 36141 | D:14     | Found a gate to the Vaults.
 36155 | D:14     | Offered knowledge of Spellforged Servitor by Vehumet.
 36393 | D:14     | Noticed Frances
 36414 | D:14     | Killed Frances
 36850 | D:14     | Noticed Urug
 36853 | D:14     | Killed Urug
 36854 | D:14     | Reached XP level 16. HP: 100/100 MP: 27/27
 36917 | D:14     | Reached skill level 18 in Earth Magic
 37290 | D:15     | Entered Level 15 of the Dungeon
 38681 | D:15     | Reached skill level 19 in Earth Magic
 39232 | D:15     | Gained mutation: You have sharp fingernails. [potion of
                  | mutation]
 39232 | D:15     | Gained mutation: You have a somewhat thin skeletal
                  | structure. (Dex +2, Stealth) [potion of mutation]
 39232 | D:15     | Gained mutation: You expend magic power (3 MP) to
                  | strengthen your wands. [potion of mutation]
 39941 | D:15     | Found a staircase to the Depths.
 40190 | D:15     | Found a blossoming altar of Fedhas.
 40263 | D:15     | Learned a level 9 spell: Shatter
 40273 | D:15     | Upgraded the game from 0.27-a0-277-g024f7ef292 to
                  | 0.27-a0-286-g37e0bc138e
 40474 | Spider:1 | Entered Level 1 of the Spider Nest
 44469 | Spider:1 | Offered knowledge of Orb of Destruction by Vehumet.
 44478 | Spider:1 | Learned a level 7 spell: Orb of Destruction
 46695 | Spider:2 | Reached skill level 10 in Spellcasting
 48214 | Spider:3 | Reached XP level 17. HP: 104/104 MP: 31/31
 49005 | Spider:4 | Entered Level 4 of the Spider Nest
 49100 | Spider:4 | Noticed Agnes
 49107 | Spider:3 | Killed Agnes
 51550 | Spider:4 | Offered knowledge of Freezing Cloud by Vehumet.
 51927 | Spider:4 | Reached skill level 5 in Dodging
 55802 | Spider:4 | Offered knowledge of Iskenderun's Battlesphere by Vehumet.
 56235 | Spider:4 | Got a gossamer rune of Zot
 56648 | Vaults:1 | Entered Level 1 of the Vaults
 57758 | Vaults:1 | Noticed Donald
 57869 | D:14     | Killed Donald
 57870 | D:14     | Reached XP level 18. HP: 71/110 MP: 1/33
 58430 | Vaults:1 | Reached skill level 10 in Dodging
 58485 | Vaults:1 | Noticed Nikola
 58498 | Vaults:1 | Killed Nikola
 59023 | D:14     | Reached skill level 20 in Earth Magic
 59743 | Vaults:1 | Reached skill level 5 in Shields
 60733 | Vaults:1 | Found Qequklu's Book Shoppe.
 62808 | Vaults:1 | Reached skill level 10 in Shields
 63319 | Vaults:1 | Found Daiffys's Armour Shop.
 63830 | D:14     | Offered knowledge of Ozocubu's Refrigeration by Vehumet.
 64153 | Vaults:1 | Found Ninoa's General Store.
 64222 | Vaults:1 | Glimpsed the power of Zot.
 64680 | Vaults:1 | Reached XP level 19. HP: 111/115 MP: 12/34
 64718 | Vaults:1 | Glimpsed the power of Zot.
 68002 | Vaults:2 | Learned a level 5 spell: Borgnjor's Vile Clutch
 68263 | Vaults:2 | Identified the Reference Book on Stones
 68326 | Vaults:2 | Reached skill level 15 in Shields
 69649 | Lair:5   | Got an aquamarine-encrusted leather armour
 69660 | Lair:5   | Identified the +1 leather armour of Mozxusmo {*Corrode
                  | rElec Int+2 SInv} (You found it on level 5 of the Lair of
                  | Beasts)
 70551 | Vaults:3 | Found a staircase to the Crypt.
 71043 | Vaults:3 | Found a transporter.
 71528 | Vaults:3 | Reached XP level 20. HP: 120/120 MP: 31/35
 71544 | Vaults:3 | Reached skill level 21 in Earth Magic
 72313 | Vaults:3 | Found a transporter.
 72380 | Vaults:3 | Found a runed translucent door.
 72427 | Vaults:3 | Reached ****** piety under Vehumet
 72546 | Vaults:3 | Found a bloodstained altar of Trog.
 72547 | Vaults:3 | Found the necklace of Bloodlust {*Rage +Rage Will++ Int-3
                  | Slay+6}
 72924 | Vaults:3 | Offered knowledge of Lehudib's Crystal Spear by Vehumet.
 72924 | Vaults:3 | Offered knowledge of Chain Lightning by Vehumet.
 72924 | Vaults:3 | Offered knowledge of Absolute Zero by Vehumet.
 73190 | Vaults:3 | Got a dazzling chain mail
 73348 | Vaults:3 | Identified the +1 chain mail "Gomam" {rElec rPois Will+
                  | Dex-2} (You found it on level 3 of the Vaults)
 73374 | Vaults:3 | Got an iridescent great sword
 73605 | Vaults:3 | Learned a level 8 spell: Lehudib's Crystal Spear
 74176 | Vaults:4 | Reached skill level 22 in Earth Magic
 74319 | Vaults:4 | Found a magical portal.
 74324 | WizLab   | Entered Cigotuvi's Fleshworks
 75163 | WizLab   | Got a wavering copper ring
 75166 | WizLab   | Identified the ring "Hooggo" {rF+ MP+9 Dex+3} (You found it
                  | in a wizard's laboratory)
 76326 | WizLab   | Gained mutation: You passively map a small area around you.
                  | [a shining eye]
 76638 | WizLab   | Identified Cigotuvi's Guide on Unholy Transmigration
 77243 | Vaults:4 | Reached XP level 21. HP: 125/125 MP: 9/38
 77724 | Vaults:4 | Reached skill level 23 in Earth Magic
 78184 | Vaults:4 | Identified the +4 great sword of Yleisko {vorpal, *Noise
                  | rF+ Will++ Str+3} (You found it on level 3 of the Vaults)
 78561 | Depths:1 | Entered Level 1 of the Depths
 79814 | Depths:1 | Found a one-way gate to the infinite horrors of the Abyss.
 79916 | Depths:1 | Found a runed translucent gate.
 79916 | Depths:1 | Found a runed translucent gate.
 79916 | Depths:1 | Found a runed translucent gate.
 79916 | Depths:1 | Found a runed translucent gate.
 79916 | Depths:1 | Found a runed translucent gate.
 79916 | Depths:1 | Found a runed translucent gate.
 79917 | Depths:1 | Found the +2 Maxwell's thermic engine {flame, freeze}
 80520 | Depths:1 | Reached skill level 24 in Earth Magic
 80717 | Depths:1 | Found a one-way gate leading to the halls of Pandemonium.
 80893 | Depths:1 | Found a gateway to Hell.
 81536 | Depths:2 | Noticed Aizul
 81549 | Depths:2 | Killed Aizul
 81898 | Depths:2 | Got a warped wooden ring
 81900 | Depths:2 | Identified the ring "Cotoeb" {rPois MP+9 Dex+4} (You found
                  | it on level 2 of the Depths)
 83013 | Depths:2 | Reached XP level 22. HP: 136/136 MP: 35/39
 84229 | Depths:3 | Found Afroibes's Armour Emporium.
 84240 | Depths:3 | Reached skill level 25 in Earth Magic
 84551 | Depths:3 | Found Cinuor's Assorted Antiques.
 84859 | Depths:3 | Noticed a juggernaut
 84952 | Depths:3 | Killed a juggernaut
 85694 | Depths:3 | Bought a scroll of identify for 52 gold pieces
 86674 | Depths:4 | Reached skill level 26 in Earth Magic
 86809 | Depths:4 | Reached skill level 15 in Fighting
 87596 | Depths:4 | Reached XP level 23. HP: 144/144 MP: 40/40
 87694 | Depths:4 | Found a corrupted altar of Lugonu.
 87777 | Depths:4 | Identified the cursed +1 ring mail of the Heavens {Harm
                  | SInv} (You found it on level 4 of the Depths)
 88215 | Depths:4 | Identified the +7 tower shield of Syndicalism {-Tele
                  | Rampage rN++}
 88370 | Depths:4 | Identified the +8 glaive "Duwoelum" {vorpal, *Noise rN+
                  | Str-3 Dex+4}
 88370 | Depths:4 | Noticed Jory
 88380 | Depths:4 | Killed Jory
 88660 | Depths:4 | Found a glowing golden altar of the Shining One.
 88739 | Depths:4 | Identified the +1 chain mail of Youthful Indiscretion
                  | {rElec rPois rF++ Int-2} (You found it on level 4 of the
                  | Depths)
 88776 | Depths:4 | Identified the +1 scale mail of Uskayaw's Generosity {+Fly
                  | Str+7} (You found it on level 4 of the Depths)
 88806 | Depths:5 | Entered Level 5 of the Depths
 88962 | Depths:5 | Noticed a caustic shrike
 88971 | Depths:4 | Killed a caustic shrike
 89052 | Depths:4 | Upgraded the game from 0.27-a0-286-g37e0bc138e to
                  | 0.27-a0-291-gd9602db6ee
 89053 | Depths:5 | Noticed a caustic shrike
 89053 | Depths:5 | Noticed a caustic shrike
 89058 | Depths:5 | Killed a caustic shrike
 89211 | Depths:4 | Killed a caustic shrike
 89278 | Depths:5 | Reached skill level 27 in Earth Magic
 89389 | Depths:4 | Learned a level 1 spell: Freeze
 89913 | Depths:5 | Noticed a golden dragon
 89919 | Depths:5 | Killed a golden dragon
 90755 | Depths:5 | Noticed a golden dragon
 90952 | Depths:5 | Killed a golden dragon
 91107 | Depths:5 | Found a broken altar of Ashenzari.
 91135 | Depths:5 | Acquired a +1 pair of boots of rampaging
 91332 | Depths:5 | Found a gate to the Realm of Zot.
 91585 | Depths:5 | Found a gateway to a ziggurat.
 93318 | Shoals:1 | Entered Level 1 of the Shoals
 94094 | Shoals:1 | Reached XP level 24. HP: 147/154 MP: 40/40
 97639 | Shoals:4 | Entered Level 4 of the Shoals
 97789 | Shoals:4 | Noticed Ilsuiw
 97792 | Shoals:4 | Killed Ilsuiw
 97977 | Shoals:4 | Identified the cursed +1 robe of Vyac {Stlth+}
 98110 | Shoals:4 | Reached skill level 15 in Conjurations
 98862 | Shoals:4 | Got a barnacled rune of Zot
 98910 | Shoals:4 | Identified the Disquisition on the Flying Entourage
 99042 | Shoals:4 | Identified the +9 rapier of Kuemegg {speed, Int+4} (You
                  | found it on level 4 of the Shoals)
 99168 | Shoals:4 | Identified the +1 scale mail "Lucsamec" {rC+ Will+ Str-4
                  | Dex+3} (You found it on level 4 of the Shoals)
 99656 | Vaults:5 | Entered Level 5 of the Vaults
 99659 | Vaults:5 | Noticed a dread lich
 99660 | Vaults:5 | Killed a dread lich
 99694 | Vaults:5 | Reached XP level 25. HP: 162/162 MP: 21/40
 99948 | Vaults:5 | Noticed an ancient lich
 99948 | Vaults:5 | Noticed a dread lich
 99949 | Vaults:5 | Paralysed by a dread lich for 5 turns
 99955 | Vaults:5 | Killed an ancient lich
 99956 | Vaults:5 | Killed a dread lich
100244 | Vaults:5 | Noticed a dread lich
100378 | Vaults:4 | Killed a dread lich
100486 | Vaults:5 | Identified the +1 falchion "Cesheg" {speed, +Blink rC-
                  | Str+4}
101893 | Vaults:5 | Identified the Catalogue of Dusty Dark Rites
102132 | Vaults:5 | Identified the cursed +1 chain mail of the Wheelwright
                  | {rPois rN+ MP-9}
102634 | Vaults:5 | Identified the cursed +0 helmet of the Great Game {rCorr
                  | Str+3 Int+4} (You found it on level 5 of the Vaults)
102691 | Vaults:5 | Identified the ring "Axuam" {rN+ MP+9 Slay+3} (You found it
                  | on level 5 of the Vaults)
102692 | Vaults:5 | Identified Advanced Magic
102986 | Vaults:5 | Got a silver rune of Zot
103118 | Vaults:5 | Identified the +9 mace of Xooskuc {flame, Int+5} (You found
                  | it on level 5 of the Vaults)
103135 | Vaults:5 | Identified the +1 trident "Esuuskula" {antimagic, rN+
                  | Int+3} (You found it on level 5 of the Vaults)
103612 | Slime:1  | Entered Level 1 of the Pits of Slime
103666 | Slime:1  | Reached XP level 26. HP: 152/175 MP: 40/40
103892 | Slime:1  | Gained mutation: Potions are less effective at restoring
                  | your health. [a shining eye]
106699 | Slime:5  | Entered Level 5 of the Pits of Slime
106729 | Slime:5  | Gained mutation: You occasionally shout uncontrollably at
                  | your foes. [a shining eye]
106953 | Slime:5  | Lost mutation: You expend magic power (3 MP) to strengthen
                  | your wands. [potion of mutation]
106953 | Slime:5  | Gained mutation: You can translocate small distances at
                  | will. [potion of mutation]
106953 | Slime:5  | Gained mutation: Your muscles are strong. (Str +2) [potion
                  | of mutation]
106954 | Slime:5  | Lost mutation: You occasionally shout uncontrollably at
                  | your foes. [potion of mutation]
106954 | Slime:5  | Lost mutation: You can translocate small distances at will.
                  | [potion of mutation]
106954 | Slime:5  | Lost mutation: You passively map a small area around you.
                  | [potion of mutation]
106954 | Slime:5  | Gained mutation: You are clumsy. (Dex -2) [potion of
                  | mutation]
106954 | Slime:5  | Gained mutation: You possess an exceptional clarity of
                  | mind. [potion of mutation]
106954 | Slime:5  | Gained mutation: You are covered in fur. (AC +1) [potion of
                  | mutation]
107379 | Slime:5  | Noticed the Royal Jelly
107848 | Slime:5  | Killed the Royal Jelly
108211 | Slime:5  | Got a pitted graven amulet
108237 | Slime:5  | Got a slimy rune of Zot
108272 | Slime:5  | Identified the ring "Epren" {rC- Will++ SInv} (You found it
                  | on level 5 of the Pits of Slime)
108301 | Slime:5  | Identified the amulet of Sasi {Inacc *Corrode rElec rC+
                  | Stlth+} (You found it on level 5 of the Pits of Slime)
108612 | Slime:5  | Identified the amulet of Cegug {Acrobat MP+9} (You found it
                  | on level 5 of the Pits of Slime)
108667 | Slime:5  | Identified the +6 morningstar of Futyntirr {freeze, *Contam
                  | rPois Will+++ Dex-3} (You found it on level 5 of the Pits
                  | of Slime)
109064 | Crypt:1  | Entered Level 1 of the Crypt
109101 | Crypt:1  | Noticed Frederick
109126 | Crypt:1  | Killed Frederick
109385 | Crypt:1  | Found a runed translucent gate.
109385 | Crypt:1  | Found a runed translucent gate.
109385 | Crypt:1  | Found a runed translucent gate.
109387 | Crypt:1  | Noticed Onnun's ghost (veteran GrFi)
109510 | Crypt:1  | Noticed Xtahua
109521 | Crypt:1  | Killed Xtahua
109783 | Crypt:1  | Reached skill level 5 in Fire Magic
110433 | Crypt:2  | Reached XP level 27. HP: 175/184 MP: 40/40
111202 | Crypt:2  | Found a burning altar of Makhleb.
111205 | Crypt:2  | Found a glowing golden altar of the Shining One.
111351 | Crypt:2  | Reached skill level 10 in Fire Magic
111678 | Crypt:2  | Noticed Mara
111682 | Crypt:2  | Killed Mara
112037 | Crypt:3  | Entered Level 3 of the Crypt
112219 | Crypt:3  | Noticed Margery
112288 | Crypt:3  | Killed Margery
112713 | Crypt:3  | Noticed Khufu
112863 | Crypt:3  | Killed Khufu
113424 | Crypt:3  | Noticed a dread lich
113425 | Crypt:3  | Noticed an ancient lich
113427 | Crypt:3  | Killed a dread lich
113428 | Crypt:3  | Killed an ancient lich
113429 | Crypt:3  | Reached skill level 15 in Fire Magic
113533 | Crypt:3  | Noticed an ancient lich
113533 | Crypt:3  | Noticed an ancient lich
113535 | Crypt:3  | Killed an ancient lich
113536 | Crypt:3  | Killed an ancient lich
113580 | Crypt:3  | Identified the Disquisition on Evil Rituals
113623 | Crypt:3  | Identified the +9 flail of Yffait {vorpal, Fragile +Inv
                  | SInv} (You found it on level 3 of the Crypt)
113626 | Crypt:3  | Identified the cursed +0 rapier "Dragonslayer" {vamp, rF+
                  | rN+} (You found it on level 3 of the Crypt)
113865 | Crypt:3  | Found a staircase to the Tomb.
114119 | Crypt:3  | Learned a level 8 spell: Ignition
114535 | Elf:1    | Entered Level 1 of the Elven Halls
114540 | Elf:1    | Reached skill level 1 in Evocations
114646 | Elf:1    | Reached skill level 1 in Staves
114753 | Elf:1    | Noticed Kirke
114755 | Elf:1    | Killed Kirke
115268 | Elf:1    | Found Ajeseghyit's Armour Shoppe.
116031 | Elf:2    | Found Caicaeh's General Store.
116033 | Elf:2    | Found Dyvesyju's General Store.
116035 | Elf:2    | Found Esuf's Jewellery Emporium.
116257 | Elf:2    | Found a runed translucent gate.
116257 | Elf:2    | Found a runed translucent gate.
116263 | Elf:2    | Reached skill level 5 in Evocations
116408 | Elf:2    | Found a runed translucent gate.
116695 | Elf:1    | Identified the +5 chain mail of Prudence {Rampage *Slow
                  | rPois} (You found it on level 1 of the Elven Halls)
117016 | Elf:2    | Reached skill level 5 in Staves
117282 | Elf:3    | Entered Level 3 of the Elven Halls
117702 | Elf:3    | Found Buluwneu's Distillery.
117803 | Elf:3    | Found Zeorphim's Armour Shoppe.
118002 | Elf:3    | Found Moevof's General Store.
119072 | Elf:3    | Found the amulet of the Four Winds {rN+ Will+++ Clar}
119126 | Elf:3    | Found the ring of the Mage {Wiz Will++ Int+3}
119146 | Elf:3    | Identified the Guide on Feathers
119147 | Elf:3    | Found the +3 hat of Pondering {ponderous, Will+ MP+10
                  | Int+5}
119320 | Elf:3    | Identified the +1 robe of Faafel {Harm} (You found it on
                  | level 3 of the Elven Halls)
119435 | Elf:3    | Identified the +8 battleaxe of Pain and Death {holy, rElec
                  | Str+3 Int-3 Dex+10} (You found it on level 3 of the Elven
                  | Halls)
119455 | Elf:3    | Identified the +6 rapier of a Gauntlet {holy, *Rage +Inv
                  | rF+} (You found it on level 3 of the Elven Halls)
120066 | Tomb:1   | Entered Level 1 of the Tomb of the Ancients
120729 | Tomb:1   | Reached skill level 10 in Evocations
121098 | Tomb:1   | Noticed a royal mummy
121150 | Tomb:1   | Killed a royal mummy
121367 | Tomb:1   | Noticed a royal mummy
121390 | Tomb:1   | Noticed a royal mummy
121396 | Tomb:1   | Killed a royal mummy
121397 | Tomb:1   | Killed a royal mummy
121747 | Tomb:1   | Noticed a royal mummy
121765 | Tomb:1   | Killed a royal mummy
122790 | Tomb:2   | Noticed a royal mummy
122790 | Tomb:2   | Noticed Mennas
122860 | Tomb:1   | Killed a royal mummy
123087 | Tomb:1   | Noticed a royal mummy
123091 | Tomb:1   | Noticed a royal mummy
123095 | Tomb:1   | Killed a royal mummy
123102 | Tomb:1   | Noticed a royal mummy
123103 | Tomb:1   | Killed a royal mummy
123103 | Tomb:1   | Noticed a royal mummy
123106 | Tomb:1   | Killed a royal mummy
123108 | Tomb:1   | Noticed a royal mummy
123109 | Tomb:1   | Killed a royal mummy
123110 | Tomb:1   | Noticed a royal mummy
123459 | Tomb:1   | Noticed a royal mummy
123467 | Tomb:1   | Killed a royal mummy
123469 | Tomb:1   | Noticed a royal mummy
123470 | Tomb:1   | Noticed a royal mummy
123473 | Tomb:1   | Killed a royal mummy
123610 | Tomb:1   | Noticed a royal mummy
123615 | Tomb:1   | Killed a royal mummy
123786 | Tomb:1   | Killed a royal mummy
124006 | Tomb:1   | Noticed a royal mummy
124007 | Tomb:1   | Noticed a royal mummy
124012 | Tomb:1   | Killed a royal mummy
124012 | Tomb:1   | Killed a royal mummy
124012 | Tomb:1   | Noticed a royal mummy
124023 | Tomb:1   | Killed a royal mummy
124151 | Tomb:1   | Noticed a royal mummy
124208 | Tomb:1   | Killed a royal mummy
124226 | Tomb:1   | Noticed a royal mummy
124301 | Tomb:1   | Killed a royal mummy
124301 | Tomb:1   | Noticed a royal mummy
124408 | Tomb:1   | Killed a royal mummy
124606 | Tomb:1   | Killed a royal mummy
125347 | Tomb:2   | Noticed a royal mummy
125348 | Tomb:2   | Noticed a royal mummy
125351 | Tomb:2   | Noticed a royal mummy
125413 | Tomb:1   | Killed Mennas
125813 | Tomb:2   | Killed a royal mummy
125816 | Tomb:2   | Killed a royal mummy
126156 | Tomb:2   | Killed a royal mummy
126873 | Tomb:2   | Lost mutation: You have sharp fingernails. [potion of
                  | mutation]
126873 | Tomb:2   | Lost mutation: Your muscles are strong. (Str +2) [potion of
                  | mutation]
126873 | Tomb:2   | Lost mutation: You possess an exceptional clarity of mind.
                  | [potion of mutation]
126873 | Tomb:2   | Gained mutation: You have a pair of small horns on your
                  | head. [potion of mutation]
126873 | Tomb:2   | Gained mutation: You have large cloven feet. [potion of
                  | mutation]
126874 | Tomb:2   | Lost mutation: Potions are less effective at restoring your
                  | health. [potion of mutation]
126874 | Tomb:2   | Lost mutation: You have a somewhat thin skeletal structure.
                  | (Dex +2, Stealth) [potion of mutation]
126874 | Tomb:2   | Lost mutation: You have a pair of small horns on your head.
                  | [potion of mutation]
126874 | Tomb:2   | Lost mutation: You are clumsy. (Dex -2) [potion of
                  | mutation]
126874 | Tomb:2   | Gained mutation: You are covered in thick fur. (AC +2)
                  | [potion of mutation]
126874 | Tomb:2   | Gained mutation: You are frail. (-10% HP) [potion of
                  | mutation]
126874 | Tomb:2   | Gained mutation: Your mind is acute. (Int +2) [potion of
                  | mutation]
126875 | Tomb:2   | Lost mutation: You have large cloven feet. [potion of
                  | mutation]
126875 | Tomb:2   | Lost mutation: Your mind is acute. (Int +2) [potion of
                  | mutation]
126875 | Tomb:2   | Gained mutation: You tend to lose your temper in combat.
                  | [potion of mutation]
126875 | Tomb:2   | Gained mutation: You are clumsy. (Dex -2) [potion of
                  | mutation]
126875 | Tomb:2   | Gained mutation: You evolve. [potion of mutation]
126875 | Tomb:2   | Gained mutation: You are partially covered in rugged brown
                  | scales. (AC +1, +3% HP) [potion of mutation]
126876 | Tomb:2   | Lost mutation: You are partially covered in rugged brown
                  | scales. (AC +1, +3% HP) [potion of mutation]
126876 | Tomb:2   | Lost mutation: You evolve. [potion of mutation]
126876 | Tomb:2   | Lost mutation: You tend to lose your temper in combat.
                  | [potion of mutation]
126876 | Tomb:2   | Gained mutation: Your body sometimes deteriorates upon
                  | taking damage. [potion of mutation]
126876 | Tomb:2   | Gained mutation: Your magical capacity is low. (-10% MP)
                  | [potion of mutation]
126876 | Tomb:2   | Lost mutation: You are clumsy. (Dex -2) [potion of
                  | mutation]
126876 | Tomb:2   | Gained mutation: You have large cloven feet. [potion of
                  | mutation]
126877 | Tomb:2   | Lost mutation: You have large cloven feet. [potion of
                  | mutation]
126877 | Tomb:2   | Lost mutation: You are frail. (-10% HP) [potion of
                  | mutation]
126877 | Tomb:2   | Gained mutation: You tend to lose your temper in combat.
                  | [potion of mutation]
126877 | Tomb:2   | Gained mutation: Your thick and shaggy fur keeps you warm.
                  | (AC +3, rC+) [potion of mutation]
126877 | Tomb:2   | Gained mutation: You have a pair of small horns on your
                  | head. [potion of mutation]
126877 | Tomb:2   | Gained mutation: You expend magic power (3 MP) to
                  | strengthen your wands. [potion of mutation]
126878 | Tomb:2   | Lost mutation: You expend magic power (3 MP) to strengthen
                  | your wands. [potion of mutation]
126878 | Tomb:2   | Lost mutation: You tend to lose your temper in combat.
                  | [potion of mutation]
126878 | Tomb:2   | Lost mutation: Your body sometimes deteriorates upon taking
                  | damage. [potion of mutation]
126878 | Tomb:2   | Gained mutation: You have a pair of horns on your head.
                  | [potion of mutation]
126879 | Tomb:2   | Lost mutation: Your thick and shaggy fur keeps you warm.
                  | (AC +3, rC+) [potion of mutation]
126879 | Tomb:2   | Lost mutation: Your magical capacity is low. (-10% MP)
                  | [potion of mutation]
126879 | Tomb:2   | Lost mutation: You have a pair of horns on your head.
                  | [potion of mutation]
126879 | Tomb:2   | Gained mutation: Your spells are a little easier to cast,
                  | but a little less powerful. [potion of mutation]
126879 | Tomb:2   | Gained mutation: You passively map a small area around you.
                  | [potion of mutation]
126880 | Tomb:2   | Lost mutation: You passively map a small area around you.
                  | [potion of mutation]
126880 | Tomb:2   | Lost mutation: You have a pair of small horns on your head.
                  | [potion of mutation]
126880 | Tomb:2   | Lost mutation: You are covered in thick fur. (AC +2)
                  | [potion of mutation]
126880 | Tomb:2   | Lost mutation: Your spells are a little easier to cast, but
                  | a little less powerful. [potion of mutation]
126880 | Tomb:2   | Gained mutation: You can translocate small distances at
                  | will. [potion of mutation]
126880 | Tomb:2   | Gained mutation: You occasionally shout uncontrollably at
                  | your foes. [potion of mutation]
126880 | Tomb:2   | Gained mutation: You are partially covered in slimy green
                  | scales. (AC +2) [potion of mutation]
126956 | Tomb:3   | Entered Level 3 of the Tomb of the Ancients
126965 | Tomb:3   | Found the amulet of Vitality {Regen+ HP+15}
126970 | Tomb:3   | Noticed a royal mummy
126970 | Tomb:3   | Noticed a royal mummy
126970 | Tomb:3   | Noticed a royal mummy
126970 | Tomb:3   | Noticed a royal mummy
127342 | Tomb:3   | Noticed a royal mummy
127345 | Tomb:3   | Killed a royal mummy
127345 | Tomb:3   | Killed a royal mummy
127345 | Tomb:3   | Killed a royal mummy
127367 | Tomb:3   | Noticed a royal mummy
127374 | Tomb:3   | Noticed a royal mummy
127375 | Tomb:3   | Killed a royal mummy
127375 | Tomb:3   | Noticed a royal mummy
127376 | Tomb:3   | Noticed a royal mummy
127382 | Tomb:3   | Mangled by an ettin simulacrum

Illustrated notes

Levels and vault maps discovered:
D:1:      onia_arrival_zoo_common, layout_basic
D:2:      layout_rooms
D:3:      layout_loops_ring
D:4:      layout_loops_corners, serial_shops, kennysheep_mini_moat,
          xom_redecorated
D:5:      gammafunk_wand_slinger, layout_rooms, uniq_menkaure
D:6:      layout_basic, lemuel_altar_in_water2, uniq_duvessa,
          uniq_blork_the_orc, uniq_grinder
D:7:      layout_loops_ring, minmay_temple_entry_grid, basic_altar,
          nzn_ghost_randoct, glass_columns_c
D:8:      layout_rooms
D:9:      layout_layer_cave, lemuel_round_altar, zombieorc1_lemuel,
          minmay_misc_feat_iff, chequers_guarded_unrand_ignorance
D:10:     layout_roguey, erik_lair_orcish_takeover, doesnt_shop_hydraphobe
D:11:     layout_grid_maze, serial_shops, nicolae_shop_window_shopping,
          nicolae_good_shop, uniq_erolcha, uniq_maurice
D:12:     layout_roguey, hex_large, hangedman_decor_lopped
D:13:     cheibrodos_elevator_heist, layout_loops_ring,
          portal_ice_cave_entry_imps, uniq_rupert
D:14:     layout_stronghold, david_vaults_3, minmay_misc_feat_hallway,
          serial_column_ruins, column_ruins_hut_ruined, column_ruins_hut,
          column_ruins_grid_1, column_ruins_corridor_corner,
          column_ruins_grid_1, column_ruins_open_medium,
          column_ruins_columns_straight, column_ruins_columns_corner,
          column_ruins_grid_1, uniq_snorg, uniq_frances
D:15:     hangedman_depths_entry_civil_slaughter, layout_cave_pools,
          fedhas_altar_4, grunt_ministairs_10, minmay_crystal_room
Temple:   kilobyte_greek_temple
Lair:1:   gammafunk_lair_enchanted_lake, layout_regular_city,
          chequers_serial_rivers_micro_e, grunt_megastairs_3
Lair:2:   dragon1_lemuel, layout_cave_shapes, dummy_spider_entry,
          amcnicky_altar_gilded, infiniplex_staircase_pool
Lair:3:   layout_misc_corridors, shoals_dummy_entry, st_stairs_6,
          lemuel_fruit_fields
Lair:4:   layout_long_grid, beast_lair_carwin_5, uniq_nessos
Lair:5:   layout_loops_ring, slime_altar_2, grunt_megastairs_5
Lair:6:   gammafunk_lair_ancient_temple, layout_long_grid, patterned_corridor
Shoals:1: layout_shoals, nicolae_shoals_seven_spires,
          nicolae_shoals_water_shrine
Shoals:2: layout_shoals
Shoals:3: layout_shoals
Shoals:4: shoals_end_grunt_garden, layout_shoals, shoals_ilsuiw_ice,
          nicolae_shoals_drake_roost
Spider:1: layout_spider_delve
Spider:2: layout_spider_delve
Spider:3: layout_spider_delve
Spider:4: floodkiller_spider_rune_tomb, uniq_agnes
Slime:1:  layout_caves
Slime:2:  layout_caves
Slime:3:  layout_caves
Slime:4:  layout_caves, basic_altar
Slime:5
Orc:1:    layout_diamond_mine, serial_shops, nicolae_shop_behind_doors
Orc:2:    grunt_orc_tribal_feast, layout_diamond_mine, basic_altar,
          uniq_saint_roka, uniq_azrael, uniq_josephine
Elf:1:    eino_elf_arrival_customs, layout_gridlike, serial_shops, shop_coins,
          hangedman_elven_crosses_minicolossus, uniq_kirke
Elf:2:    layout_gridlike, minmay_shop_star
Elf:3:    elf_hall, layout_geoelf_castle, serial_shops, shop,
          nicolae_shop_stone, shop
Vaults:1: vaults_mumra_minichess_inversion, hangedman_vaults_river_flow,
          ontoclasm_vaults_loading_screen, v_misc_5,
          vaults_standard_mumra_lines, ontoclasm_vaults_ligature, v_misc_18,
          v_pattern_2, layout_vaults_omnibox, serial_shops, shop, shop, shop,
          uniq_donald, uniq_nikola
Vaults:2: hangedman_vaults_capsules, vaults_room_corners, v_misc_5, v_misc_3,
          v_alt_pattern_5, ontoclasm_vaults_hangar, hangedman_vaults_slice,
          ontoclasm_vaults_gateway, ontoclasm_vaults_decontamination,
          layout_vaults_omnigrid
Vaults:3: ontoclasm_vaults_shuriken, minmay_crypt_entry_simple_box,
          vaults_room_ringed_pool, vaults_dpeg_diagonal,
          nicolae_vaults_circle_grid_a, emtedronai_trogs_sanctum,
          hangedman_vaults_stagger, grunt_vaults_hallway_short, v_alt_pattern_1,
          hangedman_vaults_cutoff, nicolae_vaults_little_squares_2,
          vaults_dpeg_encased_lava, vaults_dpeg_ring, layout_vaults_big_cross
Vaults:4: v_misc_15, ontoclasm_vaults_spin, v_misc_23,
          nicolae_vaults_windows_and_doors_thing,
          vaults_standard_mumra_enter_the_diamond,
          nicolae_vaults_network_quinsquares
          [nicolae_vaults_network_quincunx_subvault,
          nicolae_vaults_network_quincunx_subvault,
          nicolae_vaults_network_quincunx_subvault,
          nicolae_vaults_network_quincunx_subvault],
          nicolae_vaults_ninety_degrees, grunt_vaults_twisty,
          hangedman_vaults_stretched_pinwheel, grunt_vaults_hallway_short,
          vaults_dpeg_hooks, nicolae_vaults_asterisk, layout_vaults_maze_bifur,
          infiniplex_enter_wizlab_spiral
Vaults:5
Crypt:1:  layout_chaotic_city, gammafunk_ghost_spectres, uniq_frederick,
          uniq_xtahua
Crypt:2:  layout_gridlike, grunt_ministairs_9, chequers_big_river,
          columned_hall_lemuel, nicolae_crypt_niches, nzn_life_drinkers,
          uniq_mara
Crypt:3:  david_glass_crypt, layout_basic, uniq_margery, uniq_khufu
Tomb:1
Tomb:2:   uniq_mennas
Tomb:3
Depths:1: layout_roguey, abyss_entry, minmay_misc_feat_secret_circle,
          rand_demon_pan_entry_9, hangedman_coc_ice_floe,
          brannock_guarded_unrand_thermic_engine, serial_bayou_shore_b
Depths:2: cheibrodos_lost_city_excavation, layout_long_grid,
          chequers_serial_rivers_micro_c, minmay_room_of_horrors,
          grunt_pan_entry_in_and_out, pf_vacation_house_of_asmodeus,
          infiniplex_staircase_pillars_1, uniq_aizul
Depths:3: evilmike_lava_path, layout_basic, hellmouth_2, rand_demon_pan_entry_4,
          minivault_14, serial_shops, shop_statue, shop
Depths:4: abrahamwl_protected_by_tso_3, layout_basic, hell_entry,
          minmay_splitting_lines, serial_bayou, serial_bayou_pond_c,
          serial_bayou_pond_e, serial_bayou_crossing, serial_bayou_lagoon_b,
          abyss_entry_flame_altar, pan_entry, uniq_jory
Depths:5: grunt_twist_and_shout, layout_cave_pools, enter_ziggurat_d,
          hellmouth_1, minivault_14, nicolae_ashenzari_panopticon

Skill      XL: |  1  2  3  4  5  6  7  8  9 10 11 12 13 14 15 16 17 18 19 20 21 22 23 24 25 26 27 |
---------------+----------------------------------------------------------------------------------+-----
Earth Magic    | 4 5 6 7 8 10 12 13 14 17 19 20 22 24 26 27 | 27.0
Spellcasting   | 3 4 5 6 7 10 11 13 | 13.0
Conjurations   | 2 3 5 7 9 13 14 15 17 19 | 19.4
Armour         | 5 10 13 15 16 18 | 18.9
Fighting       | 4 7 9 11 13 15 16 17 20 22 24 | 24.9
Shields        | 4 11 15 | 15.0
Dodging        | 9 10 | 10.0
Fire Magic     | 6 16 | 16.0
Evocations     | 14 | 14.1
Staves         | 8 |  8.9
Stealth        | |  2.1
Transmutations | |  0.7

Action                   |  1- 3 |  4- 6 |  7- 9 | 10-12 | 13-15 | 16-18 | 19-21 | 22-24 | 25-27 || total
-------------------------+-------+-------+-------+-------+-------+-------+-------+-------+-------++-------
Melee: Mace              |    48 |       |       |       |       |       |       |       |   342 ||   390
       Unarmed           |    10 |       |       |       |       |       |       |       |       ||    10
       Dagger            |     6 |    73 |    22 |     6 |       |       |       |       |       ||   107
       Short sword       |       |       |       |   144 |   338 |    80 |       |       |       ||   562
       Staff             |       |       |       |       |       |    79 |       |       |   105 ||   184
       Rapier            |       |       |       |       |       |   105 |   471 |    84 |     1 ||   661
       Eudemon blade     |       |       |       |       |       |       |       |   137 |       ||   137
Throw: Dart              |     1 |       |       |       |     7 |     5 |     2 |       |       ||    15
 Cast: Sandblast         |    20 |    54 |   161 |   219 |   149 |    77 |       |       |       ||   680
       Stone Arrow       |       |       |    24 |   159 |   406 |   465 |    24 |     1 |       ||  1079
       Lee's Rapid Decon |       |       |       |    15 |    29 |    12 |    19 |       |     5 ||    80
       Iron Shot         |       |       |       |       |   123 |   184 |   210 |   182 |   540 ||  1239
       Orb of Destructio |       |       |       |       |       |   199 |   141 |     4 |     6 ||   350
       Borgnjor's Vile C |       |       |       |       |       |       |    65 |    44 |     8 ||   117
       Shatter           |       |       |       |       |       |       |    72 |   215 |   307 ||   594
       Lehudib's Crystal |       |       |       |       |       |       |    24 |    55 |     1 ||    80
       Ignition          |       |       |       |       |       |       |       |       |     2 ||     2
 Abil: Fly               |       |       |       |       |     1 |       |       |       |     1 ||     2
       Stop Flying       |       |       |       |       |       |       |       |     1 |       ||     1
       Blink             |       |       |       |       |       |       |       |       |     2 ||     2
Evoke: Wand              |       |       |       |       |     4 |    24 |       |       |     2 ||    30
       Phantom mirror    |       |       |       |       |       |       |       |       |     1 ||     1
  Use: Potion            |       |     3 |       |     2 |     3 |     8 |     3 |     5 |    25 ||    49
       Scroll            |       |       |     2 |    16 |    13 |    27 |     7 |    16 |    48 ||   129
 Stab: Sleeping          |     1 |     6 |       |     1 |     1 |       |     2 |     1 |       ||    12
       Fleeing           |       |       |       |     1 |       |       |       |       |       ||     1
       Distracted        |       |       |       |       |     1 |       |       |       |       ||     1
Armor: Robe              |    24 |    33 |    32 |    28 |       |       |       |       |       ||   117
       Ring mail         |       |       |       |   175 |   634 |   969 |   135 |       |       ||  1913
       Leather armour    |       |       |       |       |       |       |   177 |    68 |       ||   245
       Ice dragon scales |       |       |       |       |       |       |       |   180 |   678 ||   858
       Skin              |       |       |       |       |       |       |       |       |     2 ||     2
Dodge: Dodged            |    58 |    46 |    41 |   147 |   420 |   736 |   407 |   275 |   498 ||  2628
Block: Buckler           |       |       |       |       |    75 |   247 |       |       |       ||   322
       Kite shield       |       |       |       |       |       |    86 |   515 |   321 |   686 ||  1608
       Reflection        |       |       |       |       |       |    17 |    30 |    29 |    14 ||    90
       Rpst.: Eudemon blade |       |       |       |       |       |       |       |    28 |       ||    28

Table legend: (Time is in decaauts)
 A = Elapsed time spent in this place.
 B = Non-inter-level travel time spent in this place.
 C = Inter-level travel time spent in this place.
 D = Time resting spent in this place.
 E = Time spent auto-exploring this place.
 F = Levels seen in this place.
 G = Mean time per level.
                   A        B        C        D        E       F      G
               +--------+--------+--------+--------+--------+-----+--------+
         Total | 128151 | 119964 |   8187 |  62572 |  38392 |  58 | 2209.5 |
       Dungeon |  27317 |  24793 |   2524 |  11364 |  10231 |  15 | 1821.1 |
        Temple |     92 |     54 |     38 |      0 |     42 |   1 |   92.0 |
          Lair |  13011 |  11985 |   1026 |   5757 |   4809 |   6 | 2168.5 |
        Shoals |   5825 |   5622 |    203 |   2369 |   2559 |   4 | 1456.2 |
   Spider Nest |  14895 |  14641 |    254 |  10232 |   2154 |   4 | 3723.8 |
    Slime Pits |   5084 |   4834 |    250 |   2403 |   1445 |   5 | 1016.8 |
  Orcish Mines |   6045 |   5777 |    268 |   3995 |    956 |   2 | 3022.5 |
   Elven Halls |   5014 |   4504 |    510 |   1007 |   2755 |   3 | 1671.3 |
        Vaults |  20565 |  19006 |   1559 |   9596 |   5359 |   5 | 4113.0 |
         Crypt |   5823 |   5328 |    495 |   2559 |   2045 |   3 | 1941.0 |
          Tomb |   6832 |   6239 |    593 |   3953 |   1371 |   3 | 2277.3 |
        Depths |  13604 |  13142 |    462 |   7487 |   3657 |   5 | 2720.8 |
      Ice Cave |   1557 |   1557 |      0 |    714 |    559 |   1 | 1557.0 |
        Wizlab |   2483 |   2483 |      0 |   1135 |    450 |   1 | 2483.0 |
               +--------+--------+--------+--------+--------+-----+--------+

Top non-repeatable levels by time:
Vaults:1: 7059 daAuts
Spider:4: 6201 daAuts
    D:14: 6081 daAuts
  Tomb:1: 5085 daAuts
Vaults:4: 4238 daAuts
Depths:4: 4182 daAuts
  Lair:2: 3981 daAuts
Vaults:2: 3916 daAuts
   Orc:2: 3859 daAuts
Vaults:3: 3691 daAuts
Depths:3: 3356 daAuts
Spider:1: 3239 daAuts
    D:15: 3220 daAuts
Spider:2: 2964 daAuts
Spider:3: 2489 daAuts
